 Dungeon Crawl Stone Soup version 0.31-a0-152-g6aa68a64a1 (webtiles) character file.

Game seed: 17520497075102963381

191 AiryTheDragon the Firebug (level 5, -1/36 HPs)
             Began as a Demonspawn Fire Elementalist on June 11, 2023.
             Slain by a gnoll
             ... wielding a +0 club
             ... led by a gnoll bouda
              (8 damage)
             ... on level 4 of the Dungeon.
             The game lasted 00:31:18 (3824 turns).

AiryTheDragon the Firebug (DsFE)                    Turns: 3824, Time: 00:31:19

Health: -1/36      AC:  8    Str: 10    XL:     5   Next: 42%
Magic:  1/8        EV: 10    Int: 16    God:
Gold:   204        SH:  0    Dex: 14    Spells: 2/8 levels left

rFire   . . .        k - +3 battleaxe
rCold   . . .        (shield currently unavailable)
rNeg    . . .        s - +0 ring mail
rPois   .            (helmet restricted)
rElec   .            (no cloak)
rCorr   .            f - +0 pair of gloves
SInv    .            (no boots)
Will    .....        (no amulet)
Stlth   ++           (no ring)
HPRegen 0.26/turn    (no ring)
MPRegen 0.11/turn

%: no passive effects
@: weakened
A: thin metallic scales 1, fangs 1, hooves 1, horns 1, camouflage 1
a: no special abilities


You were on level 4 of the Dungeon.
You visited 2 branches of the dungeon, and saw 5 of its levels.

You collected 273 gold pieces.
You spent 69 gold pieces at shops.

Inventory:

Hand Weapons
 k - a +3 battleaxe (weapon)
 l - a +1 short sword of freezing
 o - a +1 dagger of draining
Missiles
 i - a throwing net
 r - 5 boomerangs
Armour
 f - a +0 pair of gloves (worn)
 g - a +0 leather armour
 p - a +0 scale mail
 s - a +0 ring mail (worn)
Magical Staves
 c - a staff of air
Wands
 n - a wand of polymorph (11)
Scrolls
 d - 4 scrolls of identify {unknown}
 e - 2 scrolls of teleportation {unknown}
 q - a scroll of brand weapon {unknown}
Potions
 a - a potion of invisibility {unknown}
 b - 2 potions of magic
 h - a potion of might {unknown}
 j - a potion of ambrosia {unknown}
 m - 2 potions of degeneration {unknown}


   Skills:
 + Level 0.6 Fighting
 * Level 1.0 Armour
 + Level 2.1 Dodging
 + Level 2.5 Stealth
 * Level 1.8 Unarmed Combat
 + Level 2.4 Spellcasting
 + Level 1.1 Conjurations
 + Level 3.5 Fire Magic
 * Level 1.8 Evocations


You had 2 spell levels left.
You knew the following spells:

 Your Spells              Type           Power      Damage    Failure   Level
a - Foxfire               Conj/Fire      36%        2x1d5     19%         1
b - Scorch                Fire           26%        2d6       19%         2
c - Volatile Blastmotes   Fire/Tloc      14%        2d11      58%         3

Your spell library contained the following spells:

 Spells                   Type           Power      Damage    Failure   Level
 Inner Flame              Hex/Fire       7%         N/A       58%         3
 Call Canine Familiar     Summ           1%         N/A       83%         3
 Portal Projectile        Hex/Tloc       2%         N/A       83%         3
 Flame Wave               Conj/Fire      9%         2d6       88%         4
 Leda's Liquefaction      Hex/Erth       0%         N/A       99%         4


Dungeon Overview and Level Annotations

Branches:
Dungeon (4/15)             Temple (1/1) D:4

Altars:
Dithmenos
Fedhas
Hepliaklqana
Kikubaaqudgha
Makhleb
Nemelex Xobeh
Okawaru
Qazlal
Ru
Trog
Vehumet
Xom
Yredelemnul

Shops:
D:1 *


Innate Abilities, Weirdness & Mutations

You are partially covered in thin metallic scales. (AC +2)
You have very sharp teeth.
You have large cloven feet.
You have a pair of small horns on your head.
Your skin changes colour to match your surroundings (Stealth+).


Message History

You barely miss the gnoll.
The gnoll is moderately wounded.
You hit the gnoll. You completely miss the gnoll bouda.
The gnoll hits you but does no damage. x2; The gnoll bouda closely misses you.
The gnoll hits you with a +0 spear. The gnoll hits you but does no damage.
You barely miss the gnoll. You headbutt the gnoll.
The gnoll is almost dead.
You barely miss the gnoll.
You hit the gnoll bouda but do no damage.
The gnoll bouda gazes fiercely through you!
You feel as though you will be weak longer.
The gnoll bouda barely misses you. The gnoll barely misses you. x2
The gnoll bouda hits you but does no damage.
The gnoll hits you with a +0 spear.
Your magical contamination has completely faded away.
You hit the gnoll.
The gnoll is almost dead.
You barely miss the gnoll. You slash the gnoll bouda!
The gnoll hits you with a +0 club.
The gnoll bouda calls upon its god to heal the gnoll.
The gnoll is healed somewhat.
The gnoll hits you with a +0 spear. The gnoll hits you with a +0 club.
The gnoll bouda calls upon its god to heal the gnoll.
The gnoll's wounds heal themselves!
You slash the gnoll!
You kill the gnoll!
You hit the gnoll bouda. You hit the gnoll but do no damage.
The gnoll hits you but does no damage.
The gnoll bouda hits you with a +0 whip!
The gnoll hits you with a +0 club.
* * * LOW HITPOINT WARNING * * *
The gnoll bouda misses you.
The gnoll bouda barks out a call to the hunt!
The gnoll picks up the pace!
Okay, then.
Okay, then.
The gnoll bouda gazes fiercely through you!
You feel as though you will be weak longer.
The gnoll attacks as you move away! The gnoll hits you with a +0 club!
You die...

#......#####.....##)...
#............#...####.)
#.####.####..#..##.#...
##.##.....##.##.........
#..#.......#...........#
#..#.......#.#.........#
##....._...............#
#.#.......#....b......# ###
#.#...@...#..(.....g... ##.#
#.##..g..##............ #..##
##.####g####............
#...####.....)).............##.
##...#....................###..
#...#............###..........
#...............####.#...##.#.
#..........#......##.##....(#.
#.......>..#..........#.......


You could see a gnoll bouda and a gnoll (swift).

Vanquished Creatures
  A hound (D:4)
  An iguana (D:4)
  4 gnolls (D:4)
  2 adders
  3 worms
  A dart slug (D:4)
  2 orcs
  4 ball pythons
  7 bats
  3 endoplasms
  5 giant cockroaches
  5 goblins
  7 hobgoblins
  7 jackals
  5 kobolds
  3 quokkas
  A frilled lizard (D:3)
  3 rats (D:1)
64 creatures vanquished.

Vanquished Creatures (others)
  37 foxfires
37 creatures vanquished.

Grand Total: 101 creatures vanquished

Notes
Turn   | Place    | Note
-------+----------+-------------------------------------------
     0 | D:1      | AiryTheDragon the Demonspawn Fire Elementalist began the
                  | quest for the Orb.
     0 | D:1      | Reached XP level 1. HP: 13/13 MP: 3/3
   377 | D:1      | Found Seicoes's Assorted Antiques.
   383 | D:1      | Bought a scroll labelled POPUAPY ERIEZ for 24 gold pieces
   383 | D:1      | Bought a scroll labelled KOSIRPHAIBE for 24 gold pieces
   502 | D:1      | Reached skill level 3 in Fire Magic
   526 | D:1      | Gained mutation: You have a pair of small horns on your
                  | head. [potion of mutation]
   526 | D:1      | Gained mutation: You have large cloven feet. [potion of
                  | mutation]
   526 | D:1      | Gained mutation: You have very sharp teeth. [potion of
                  | mutation]
   526 | D:1      | Gained mutation: Your skin changes colour to match your
                  | surroundings (Stealth+). [potion of mutation]
   549 | D:1      | Gained mutation: You are partially covered in thin metallic
                  | scales. (AC +2) [demonic ancestry]
   549 | D:1      | Reached XP level 2. HP: 15/20 MP: 1/5
   580 | D:1      | Learned a level 2 spell: Scorch
  1114 | D:1      | Bought a coppery potion for 21 gold pieces
  1472 | D:2      | Reached XP level 3. HP: 20/25 MP: 0/6
  1476 | D:2      | Learned a level 3 spell: Volatile Blastmotes
  1558 | D:2      | You fall into a shaft and drop 2 floors!
  1590 | D:3      | Reached skill level 1 in Evocations
  2305 | D:3      | Found a burning altar of Makhleb.
  3014 | D:4      | Reached XP level 4. HP: 31/31 MP: 7/7
  3031 | D:4      | Reached skill level 1 in Unarmed Combat
  3208 | D:4      | Reached XP level 5. HP: 32/36 MP: 1/8
  3389 | D:4      | Found an iron altar of Okawaru.
  3613 | D:4      | Found a staircase to the Ecumenical Temple.
  3620 | Temple   | Entered the Ecumenical Temple
  3817 | D:4      | Reached skill level 1 in Armour
  3824 | D:4      | Slain by a gnoll

Illustrated notes

Levels and vault maps discovered:
D:1:      eino_arrival_cavern_c, layout_basic, serial_shops, shop
D:2:      layout_basic
D:3:      layout_loops_cross, lemuel_coloured_pillars_altar,
          kennysheep_generic_room_16
D:4:      layout_cave_pools, old_standard_altar, minmay_temple_entry_butterflies
Temple:   nicolae_temple_bog_church

Skill      XL: |  1  2  3  4  5 |
---------------+----------------+-----
Fire Magic     | 3 |  3.5
Evocations     | 1 |  1.8
Dodging        | 2 |  2.1
Stealth        | 2 |  2.5
Unarmed Combat | 1 |  1.8
Armour         | 1 |  1.0
Fighting       | |  0.6
Spellcasting   | |  2.4
Conjurations   | |  1.1

Action                     |  1- 3 |  4- 6 || total
---------------------------+-------+-------++-------
  Melee: Unarmed           |   152 |    42 ||   194
         Kick              |    33 |    14 ||    47
         Headbutt          |    15 |    12 ||    27
         Bite              |    10 |     4 ||    14
         Punch             |     2 |       ||     2
         Battleaxe         |       |     6 ||     6
   Cast: Foxfire           |    13 |     8 ||    21
         Scorch            |    11 |     9 ||    20
    Use: Scroll            |     3 |       ||     3
         Potion            |     2 |       ||     2
   Stab: Sleeping          |    15 |     2 ||    17
 Armour: Robe              |    43 |       ||    43
         Leather armour    |    11 |     3 ||    14
         Ring mail         |       |    33 ||    33
  Dodge: Dodged            |   116 |    33 ||   149

Table legend: (Time is in decaauts)
 A = Elapsed time spent in this place.
 B = Non-inter-level travel time spent in this place.
 C = Inter-level travel time spent in this place.
 D = Time resting spent in this place.
 E = Time spent auto-exploring this place.
 F = Levels seen in this place.
 G = Mean time per level.
                   A        B        C        D        E       F      G
               +--------+--------+--------+--------+--------+-----+--------+
         Total |   3838 |   3649 |    189 |     61 |   2825 |   5 |  767.6 |
       Dungeon |   3669 |   3493 |    176 |     61 |   2679 |   4 |  917.2 |
        Temple |    169 |    156 |     13 |      0 |    146 |   1 |  169.0 |
               +--------+--------+--------+--------+--------+-----+--------+

Top non-repeatable levels by time:
     D:1: 1151 daAuts
     D:3: 1033 daAuts
     D:2: 878 daAuts
     D:4: 605 daAuts
  Temple: 169 daAuts
